[Event "ESTCC-65 2025"]
[Site "Swidnica"]
[Date "2025.04.06"]
[Round "2.4"]
[White "Krupa, Krzysztof"]
[Black "Baker, Chris W"]
[Result "0-1"]
[Annotator "ChessBase"]
[ECO "B31"]
[WhiteElo "1919"]
[BlackElo "2151"]
[PlyCount "79"]
[EventDate "2025.04.05"]
[EventType "team-tourn"]
[EventCountry "POL"]
[SourceTitle "playchess.com"]
[Source "ChessBase"]
[SourceQuality "1"]
[WhiteTeam "Poland"]
[BlackTeam "England"]
[WhiteTeamCountry "POL"]
[BlackTeamCountry "ENG"]
[TimeControl "40/5400+30:1800+30"]

1. e4 c5 2. Nf3 Nc6 3. Bb5 g6 4. O-O Bg7 5. c3 Nf6 6. Re1 O-O 7. d3 d6 8. Bxc6 bxc6 9. e5 Ng4 10. exd6 exd6 11. Bg5 Nf6 12. Nbd2 Qc7 13. Qa4 h6 14. Bh4 Be6 15. d4 cxd4 16. Nxd4 Bd7 17. Qc4 d5 18. Qc5 Rfe8 19. Bg3 Qb6 20. N4b3 Bf5 21. f3 Bf8 22. Qd4 Nh5 23. Bf2 Qxd4 24. Nxd4 Bd7 25. Rxe8 Rxe8 26. Re1 Rxe1+ 27. Bxe1 Nf4 28. Bf2 c5 29. N4b3 Nd3 30. c4 d4 31. Ne4 Be6 32. Ned2 Nxb2 33. Na5 h5 34. Bg3 Bh6 35. Ne4 Nxc4 36. Nxc4 Bxc4 37. Nxc5 d3 38. Ne4 d2 39. Nc3 Be2 40. Nb1 0-1

[Event "ESTCC-65 2025"]
[Site "Swidnica"]
[Date "2025.04.06"]
[Round "2.5"]
[White "Vadlja, Stjepan"]
[Black "Rooze, Jan"]
[Result "0-1"]
[Annotator "ChessBase"]
[ECO "B44"]
[WhiteElo "1697"]
[BlackElo "2198"]
[PlyCount "56"]
[EventDate "2025.04.05"]
[EventType "team-tourn"]
[EventCountry "POL"]
[SourceTitle "playchess.com"]
[Source "ChessBase"]
[SourceQuality "1"]
[WhiteTeam "Croatia"]
[BlackTeam "Belgium"]
[WhiteTeamCountry "CRO"]
[BlackTeamCountry "BEL"]
[TimeControl "40/5400+30:1800+30"]

1. e4 c5 2. Nf3 e6 3. d4 cxd4 4. Nxd4 Nc6 5. Be3 Nf6 6. Bd3 d5 7. Nxc6 bxc6 8. Bg5 h6 9. Bh4 g5 10. Bg3 dxe4 11. Be2 Qxd1+ 12. Bxd1 Bg7 13. Bd6 Nd5 14. Ba3 Ba6 15. Be2 Bxe2 16. Kxe2 Nf4+ 17. Kf1 O-O-O 18. Ke1 Nxg2+ 19. Ke2 Nf4+ 20. Ke3 f5 21. Nc3 Bd4+ 22. Kd2 Bxf2+ 23. Kc1 Be3+ 24. Kb1 Rd2 25. Nd1 Bb6 26. Bb4 Rd7 27. a3 Rhd8 28. Ka2 e3 0-1

[Event "ESTCC-65 2025"]
[Site "Swidnica"]
[Date "2025.04.06"]
[Round "2.6"]
[White "Goormachtigh, Johan"]
[Black "Sobocanec, Alojz"]
[Result "1-0"]
[Annotator "ChessBase"]
[ECO "D30"]
[WhiteElo "2207"]
[BlackElo "1792"]
[PlyCount "79"]
[EventDate "2025.04.05"]
[EventType "team-tourn"]
[EventCountry "POL"]
[SourceTitle "playchess.com"]
[Source "ChessBase"]
[SourceQuality "1"]
[WhiteTeam "Belgium"]
[BlackTeam "Croatia"]
[WhiteTeamCountry "BEL"]
[BlackTeamCountry "CRO"]
[TimeControl "40/5400+30:1800+30"]

1. d4 d5 2. c4 e6 3. Nf3 c6 4. Nbd2 Nf6 5. g3 Bd6 6. Bg2 O-O 7. O-O Nbd7 8. Qc2 Re8 9. b3 h6 10. Bb2 Rb8 11. e4 dxe4 12. Nxe4 Nxe4 13. Qxe4 Nf6 14. Qc2 Bf8 15. Bc3 Nd7 16. Rad1 Qc7 17. Rfe1 b6 18. Qb2 Bb7 19. Re2 Rbd8 20. Rde1 Qb8 21. Nd2 Qa8 22. b4 Rc8 23. a4 Red8 24. Ne4 a6 25. Bd2 Be7 26. Bf4 Nf6 27. Be5 Ne8 28. c5 b5 29. h4 Rd7 30. Rc1 Rcd8 31. axb5 f6 32. Bf4 cxb5 33. c6 Bxc6 34. Rxc6 Qa7 35. Nc5 Bxc5 36. dxc5 e5 37. Be3 Nc7 38. Rd6 Rxd6 39. cxd6 Rxd6 40. Bxa7 1-0

[Event "ESTCC-65 2025"]
[Site "Swidnica"]
[Date "2025.04.06"]
[Round "2.7"]
[White "Novak, Stjepan"]
[Black "Stuer, Marc"]
[Result "0-1"]
[Annotator "ChessBase"]
[ECO "B24"]
[WhiteElo "1671"]
[BlackElo "2038"]
[PlyCount "180"]
[EventDate "2025.04.05"]
[EventType "team-tourn"]
[EventCountry "POL"]
[SourceTitle "playchess.com"]
[Source "ChessBase"]
[SourceQuality "1"]
[WhiteTeam "Croatia"]
[BlackTeam "Belgium"]
[WhiteTeamCountry "CRO"]
[BlackTeamCountry "BEL"]
[TimeControl "40/5400+30:1800+30"]

1. e4 c5 2. Nc3 Nc6 3. Nf3 e5 4. Bc4 Be7 5. d3 Nf6 6. Nd5 O-O 7. Nxe7+ Qxe7 8. Bg5 d6 9. Bxf6 Qxf6 10. h3 Ne7 11. Qd2 h6 12. Nh2 Ng6 13. Ng4 Qf4 14. O-O-O Be6 15. Ne3 Rab8 16. Nd5 Qxd2+ 17. Rxd2 b5 18. Bb3 Rfc8 19. c4 Bxd5 20. exd5 f5 21. cxb5 Ne7 22. Bc4 f4 23. g4 fxg3 24. fxg3 Rf8 25. g4 Ng6 26. b3 Nh4 27. Re2 Rf4 28. Re3 Rf2 29. a4 Rbf8 30. a5 Ra2 31. Rxe5 dxe5 32. Kb1 Rxa5 33. d6+ Kh8 34. Kb2 Rd8 35. b4 cxb4 36. Kb3 a6 37. Kxb4 Rxb5+ 38. Bxb5 axb5 39. Kc5 Nf3 40. Kd5 Ng5 41. Rf1 Kg8 42. Kc6 Nf7 43. d7 e4 44. Kc7 exd3 45. h4 Ra8 46. Kb7 Rf8 47. Kc7 Nd8 48. Rd1 Ne6+ 49. Kd6 Nf4 50. g5 hxg5 51. hxg5 Ra8 52. Rc1 Ra6+ 53. Ke5 Ng6+ 54. Kf5 Ne7+ 55. Kg4 Ra8 56. Rd1 Nc6 57. Kf5 Kf7 58. Rxd3 g6+ 59. Ke4 Ke7 60. Rd5 b4 61. Kd3 Rd8 62. Kc4 Rxd7 63. Rb5 Kd6 64. Rd5+ Kc7 65. Rc5 Rf7 66. Kb3 Rf3+ 67. Kb2 Kd6 68. Rc2 Rg3 69. Rf2 Rxg5 70. Rf6+ Kc5 71. Rf8 Rg2+ 72. Kb1 Nd4 73. Rc8+ Kb5 74. Rc1 Ka4 75. Rd1 Ne2 76. Ka1 Nc3 77. Rd2 Rg1+ 78. Kb2 Ne4 79. Rc2 Rf1 80. Rc6 Rf2+ 81. Kc1 Kb3 82. Kd1 Nc3+ 83. Ke1 Rg2 84. Kf1 Rg4 85. Kf2 Kc2 86. Kf3 Rg5 87. Ke3 b3 88. Kd4 Rg4+ 89. Ke3 b2 90. Rb6 b1=Q 0-1

[Event "ESTCC-65 2025"]
[Site "Swidnica"]
[Date "2025.04.06"]
[Round "2.8"]
[White "Van Herck, Marcel"]
[Black "Petanjek, Zvonko"]
[Result "1-0"]
[Annotator "NA"]
[ECO "D06"]
[WhiteElo "1962"]
[BlackElo "1732"]
[PlyCount "95"]
[EventDate "2025.04.05"]
[EventType "team-tourn"]
[EventCountry "POL"]
[SourceTitle "playchess.com"]
[Source "ChessBase"]
[SourceQuality "1"]
[WhiteTeam "Belgium"]
[BlackTeam "Croatia"]
[WhiteTeamCountry "BEL"]
[BlackTeamCountry "CRO"]
[TimeControl "40/5400+30:1800+30"]

1. d4 d5 2. c4 Nf6 3. cxd5 h6 4. Nf3 Nxd5 5. e4 Nf6 6. Nc3 Bg4 7. Be3 e6 8. Be2 c6 9. O-O Be7 10. Qc2 O-O 11. Rfd1 Qc8 12. Rac1 Nbd7 13. Qb3 Nb6 14. a4 Rd8 15. a5 Nbd7 16. h3 Bh5 17. Bf4 Nb8 18. d5 c5 19. d6 Bf8 20. e5 Nfd7 21. Ne4 Na6 22. Qc4 Nb4 23. g4 Bg6 24. Nxc5 Qxc5 25. Qxc5 Nxc5 26. Rxc5 Nd5 27. Bg3 Be4 28. Nd2 Bg6 29. Bf3 Rac8 30. Rdc1 Rxc5 31. Rxc5 b6 32. axb6 axb6 33. Rc6 b5 34. Bxd5 exd5 35. f4 f6 36. Rc5 Be8 37. Rxd5 Bc6 38. Rc5 Bd7 39. Rc7 Kf7 40. Ne4 fxe5 41. fxe5 Ke8 42. Kf2 Rc8 43. Rxc8+ Bxc8 44. Nc5 g5 45. e6 Bg7 46. d7+ Bxd7 47. exd7+ Kd8 48. Ne6+ 1-0

[Event "ESTCC-65 2025"]
[Site "Swidnica"]
[Date "2025.04.06"]
[Round "2.9"]
[White "Quinn, John M"]
[Black "Westerinen, Heikki M.J."]
[Result "1/2-1/2"]
[Annotator "ChessBase"]
[ECO "E90"]
[WhiteElo "2073"]
[BlackElo "2209"]
[PlyCount "43"]
[EventDate "2025.04.05"]
[EventType "team-tourn"]
[EventCountry "POL"]
[SourceTitle "playchess.com"]
[Source "ChessBase"]
[SourceQuality "1"]
[WhiteTeam "England"]
[BlackTeam "Finland"]
[WhiteTeamCountry "ENG"]
[BlackTeamCountry "FIN"]
[TimeControl "40/5400+30:1800+30"]

1. d4 Nf6 2. c4 g6 3. Nc3 Bg7 4. e4 d6 5. Nf3 O-O 6. h3 e5 7. d5 Na6 8. Bg5 h6 9. Be3 Nc5 10. Nd2 a5 11. g4 Bd7 12. Be2 Nh7 13. h4 f5 14. gxf5 gxf5 15. Qc2 c6 16. Bxc5 dxc5 17. O-O-O Nf6 18. dxc6 Bxc6 19. Rhg1 Qe7 20. Nd5 Qf7 21. Rg2 Kh8 22. Rdg1 1/2-1/2

[Event "ESTCC-65 2025"]
[Site "Swidnica"]
[Date "2025.04.06"]
[Round "2.10"]
[White "Joentausta, Hannu"]
[Black "Bowmer, Kevin"]
[Result "0-1"]
[Annotator "ChessBase"]
[ECO "B62"]
[WhiteElo "2081"]
[BlackElo "2126"]
[PlyCount "64"]
[EventDate "2025.04.05"]
[EventType "team-tourn"]
[EventCountry "POL"]
[SourceTitle "playchess.com"]
[Source "ChessBase"]
[SourceQuality "1"]
[WhiteTeam "Finland"]
[BlackTeam "England"]
[WhiteTeamCountry "FIN"]
[BlackTeamCountry "ENG"]
[TimeControl "40/5400+30:1800+30"]

1. e4 c5 2. Nf3 d6 3. d4 cxd4 4. Nxd4 Nf6 5. Nc3 Nc6 6. Bg5 e6 7. Be2 Be7 8. Qd3 O-O 9. O-O Qa5 10. Nxc6 bxc6 11. Bd2 Qc7 12. Qg3 Kh8 13. Kh1 Bb7 14. f4 d5 15. Bd3 d4 16. Nd1 c5 17. e5 Ne4 18. Qe1 Qc6 19. Bxe4 Qxe4 20. Qxe4 Bxe4 21. Rc1 Bd5 22. b3 c4 23. Nf2 Rac8 24. Rfd1 Ba3 25. Ra1 d3 26. cxd3 c3 27. Bc1 Bc5 28. d4 c2 29. Rd3 Bb4 30. a3 Bc3 31. Rxc3 Rc7 32. Rc4 Rxc4 0-1

[Event "ESTCC-65 2025"]
[Site "Swidnica"]
[Date "2025.04.06"]
[Round "2.11"]
[White "Hewson, Brian W R"]
[Black "Vinke, Dietmar"]
[Result "1/2-1/2"]
[Annotator "NA"]
[ECO "E84"]
[WhiteElo "2066"]
[BlackElo "2078"]
[PlyCount "27"]
[EventDate "2025.04.05"]
[EventType "team-tourn"]
[EventCountry "POL"]
[SourceTitle "playchess.com"]
[Source "ChessBase"]
[SourceQuality "1"]
[WhiteTeam "England"]
[BlackTeam "Finland"]
[WhiteTeamCountry "ENG"]
[BlackTeamCountry "FIN"]
[TimeControl "40/5400+30:1800+30"]

1. d4 Nf6 2. c4 g6 3. Nc3 Bg7 4. e4 d6 5. f3 O-O 6. Be3 Nc6 7. Qd2 a6 8. Nge2 Rb8 9. Bh6 Bxh6 10. Qxh6 e5 11. d5 Ne7 12. g4 Kh8 13. Ng3 Nfg8 14. Qd2 1/2-1/2

[Event "ESTCC-65 2025"]
[Site "Swidnica"]
[Date "2025.04.06"]
[Round "2.12"]
[White "Patola, Eero"]
[Black "Reynolds, D Ian W"]
[Result "1/2-1/2"]
[Annotator "NA"]
[ECO "A22"]
[WhiteElo "1872"]
[BlackElo "1926"]
[PlyCount "46"]
[EventDate "2025.04.05"]
[EventType "team-tourn"]
[EventCountry "POL"]
[SourceTitle "playchess.com"]
[Source "ChessBase"]
[SourceQuality "1"]
[WhiteTeam "Finland"]
[BlackTeam "England"]
[WhiteTeamCountry "FIN"]
[BlackTeamCountry "ENG"]
[TimeControl "40/5400+30:1800+30"]

1. c4 e5 2. Nc3 Nf6 3. e4 Nc6 4. g3 Bc5 5. Bg2 d6 6. h3 Nd4 7. d3 O-O 8. Nge2 c6 9. Nxd4 Bxd4 10. O-O h6 11. Rb1 a5 12. Kh2 Nh7 13. Qe2 f5 14. f4 fxe4 15. Nxe4 Nf6 16. Be3 Nxe4 17. dxe4 Bxe3 18. Qxe3 Be6 19. b3 exf4 20. Rxf4 Qe7 21. Rbf1 Rf7 22. R1f3 Rxf4 23. Rxf4 Rf8 1/2-1/2

[Event "ESTCC-65 2025"]
[Site "Swidnica"]
[Date "2025.04.06"]
[Round "2.13"]
[White "Kyas, Juergen"]
[Black "Raupp, Thomas"]
[Result "1/2-1/2"]
[Annotator "ChessBase"]
[ECO "C24"]
[WhiteElo "2168"]
[BlackElo "2247"]
[PlyCount "26"]
[EventDate "2025.04.05"]
[EventType "team-tourn"]
[EventCountry "POL"]
[SourceTitle "playchess.com"]
[Source "ChessBase"]
[SourceQuality "1"]
[WhiteTeam "Germany"]
[BlackTeam "Germany"]
[WhiteTeamCountry "GER"]
[BlackTeamCountry "GER"]
[TimeControl "40/5400+30:1800+30"]

1. e4 e5 2. Bc4 Nf6 3. d3 c6 4. Nf3 d5 5. Bb3 Bb4+ 6. Bd2 Bxd2+ 7. Qxd2 O-O 8. exd5 cxd5 9. Nxe5 Re8 10. f4 Nc6 11. O-O Nxe5 12. fxe5 Rxe5 13. Nc3 Be6 1/2-1/2

[Event "ESTCC-65 2025"]
[Site "Swidnica"]
[Date "2025.04.06"]
[Round "2.14"]
[White "Miltner, Arndt"]
[Black "Jahnel, Guenther"]
[Result "0-1"]
[Annotator "ChessBase"]
[ECO "A00"]
[WhiteElo "2232"]
[BlackElo "2148"]
[PlyCount "80"]
[EventDate "2025.04.05"]
[EventType "team-tourn"]
[EventCountry "POL"]
[SourceTitle "playchess.com"]
[Source "ChessBase"]
[SourceQuality "1"]
[WhiteTeam "Germany"]
[BlackTeam "Germany"]
[WhiteTeamCountry "GER"]
[BlackTeamCountry "GER"]
[TimeControl "40/5400+30:1800+30"]

1. b4 e6 2. Bb2 Nf6 3. a3 a5 4. b5 d5 5. e3 c5 6. Nf3 Nbd7 7. d3 b6 8. Nbd2 Bb7 9. c4 Bd6 10. Be2 O-O 11. O-O Rc8 12. Rc1 Re8 13. Qa4 Bb8 14. Rfe1 Qe7 15. cxd5 exd5 16. Qh4 h6 17. Bf1 Qd6 18. Rcd1 Qc7 19. Qh3 Re6 20. Nh4 Rce8 21. Nf5 d4 22. e4 Nf8 23. g3 Bc8 24. Nc4 Ng6 25. Bc1 h5 26. Be2 Nxe4 27. dxe4 Rxe4 28. Kf1 Ne7 29. Nxe7+ Qxe7 30. Qxh5 d3 31. Ne3 dxe2+ 32. Qxe2 Qe6 33. Qh5 Qb3 34. Kg1 Bg4 35. Qxg4 Rxg4 36. Nxg4 Rxe1+ 37. Rxe1 Bd6 38. Ne3 Qxb5 39. h4 c4 40. Rd1 Bc5 0-1

[Event "ESTCC-65 2025"]
[Site "Swidnica"]
[Date "2025.04.06"]
[Round "2.15"]
[White "Topchii, Gennadii"]
[Black "Vatter, Hans-Joachim"]
[Result "1-0"]
[Annotator "ChessBase"]
[ECO "A21"]
[WhiteElo "2012"]
[BlackElo "2192"]
[PlyCount "41"]
[EventDate "2025.04.05"]
[EventType "team-tourn"]
[EventCountry "POL"]
[SourceTitle "playchess.com"]
[Source "ChessBase"]
[SourceQuality "1"]
[WhiteTeam "Germany"]
[BlackTeam "Germany"]
[WhiteTeamCountry "GER"]
[BlackTeamCountry "GER"]
[TimeControl "40/5400+30:1800+30"]

1. c4 e5 2. Nc3 Bb4 3. Nd5 Ba5 4. Nf3 c6 5. Ne3 d6 6. g3 Nf6 7. Bg2 O-O 8. O-O Re8 9. d3 d5 10. cxd5 cxd5 11. a3 Nc6 12. b4 Bb6 13. Rb1 h6 14. a4 a5 15. b5 Nd4 16. Nc2 Nxc2 17. Qxc2 e4 18. dxe4 dxe4 19. Rd1 Bxf2+ 20. Kxf2 Qb6+ 21. Nd4 1-0

[Event "ESTCC-65 2025"]
[Site "Swidnica"]
[Date "2025.04.06"]
[Round "2.16"]
[White "Vogel, Robert"]
[Black "Dietze, Frank"]
[Result "1-0"]
[Annotator "ChessBase"]
[ECO "E77"]
[WhiteElo "2145"]
[BlackElo "2102"]
[PlyCount "46"]
[EventDate "2025.04.05"]
[EventType "team-tourn"]
[EventCountry "POL"]
[SourceTitle "playchess.com"]
[Source "ChessBase"]
[SourceQuality "1"]
[WhiteTeam "Germany"]
[BlackTeam "Germany"]
[WhiteTeamCountry "GER"]
[BlackTeamCountry "GER"]
[TimeControl "40/5400+30:1800+30"]

1. d4 Nf6 2. c4 g6 3. Nc3 Bg7 4. e4 d6 5. f4 c5 6. d5 O-O 7. Nf3 e6 8. Bd3 exd5 9. cxd5 b5 10. e5 dxe5 11. fxe5 Ng4 12. Bxb5 Nxe5 13. O-O c4 14. Nxe5 Bxe5 15. Qe1 Qc7 16. Bh6 Rd8 17. Qh4 Nd7 18. d6 Qb6+ 19. Kh1 Nc5 20. Nd5 Qxd6 21. Ne7+ Kh8 22. Rxf7 Qd1+ 23. Rf1 Qh5 1-0

[Event "ESTCC-65 2025"]
[Site "Swidnica"]
[Date "2025.04.07"]
[Round "3.1"]
[White "Westerinen, Heikki M.J."]
[Black "Sandner, Gunter"]
[Result "0-1"]
[Annotator "RC"]
[ECO "B22"]
[WhiteElo "2209"]
[BlackElo "2243"]
[PlyCount "90"]
[EventDate "2025.04.05"]
[EventType "team-tourn"]
[EventCountry "POL"]
[SourceTitle "playchess.com"]
[Source "ChessBase"]
[SourceQuality "1"]
[WhiteTeam "Finland"]
[BlackTeam "Germany"]
[WhiteTeamCountry "FIN"]
[BlackTeamCountry "GER"]
[TimeControl "40/5400+30:1800+30"]

1. e4 c5 2. c3 d5 3. exd5 Qxd5 4. d4 Nc6 5. Nf3 Bg4 6. Be2 cxd4 7. cxd4 e6 8. O-O Nf6 9. Nc3 Qa5 10. Be3 Bd6 11. h3 Bh5 12. a3 O-O 13. Qb3 Qc7 14. Rfd1 Bf4 15. Bxf4 Qxf4 16. d5 Bxf3 17. Bxf3 Nd4 18. Rxd4 Qxd4 19. dxe6 fxe6 20. Qxe6+ Kh8 21. Rd1 Qc5 22. Qb3 Rab8 23. Ne2 Qe5 24. g3 b6 25. Rd3 Ne4 26. Re3 Nd2 27. Rxe5 Nxb3 28. Bd5 Rbe8 29. f4 Nc5 30. b4 Nd7 31. Re6 Nf6 32. Bb3 Rxe6 33. Bxe6 Rd8 34. Kf2 Rd3 35. a4 Ra3 36. b5 Ne4+ 37. Kg2 Rxa4 38. Bd5 Rb4 39. g4 Nd6 40. f5 Rxb5 41. Be6 a5 42. Nd4 Rb2+ 43. Kf3 a4 44. Kf4 a3 45. Ke5 Ne8 0-1

[Event "ESTCC-65 2025"]
[Site "Swidnica"]
[Date "2025.04.07"]
[Round "3.2"]
[White "Kyas, Juergen"]
[Black "Joentausta, Hannu"]
[Result "1/2-1/2"]
[Annotator "RC"]
[ECO "B83"]
[WhiteElo "2168"]
[BlackElo "2081"]
[PlyCount "29"]
[EventDate "2025.04.05"]
[EventType "team-tourn"]
[EventCountry "POL"]
[SourceTitle "playchess.com"]
[Source "ChessBase"]
[SourceQuality "1"]
[WhiteTeam "Germany"]
[BlackTeam "Finland"]
[WhiteTeamCountry "GER"]
[BlackTeamCountry "FIN"]
[TimeControl "40/5400+30:1800+30"]

1. e4 c5 2. Nf3 e6 3. d4 cxd4 4. Nxd4 Nf6 5. Nc3 d6 6. Be2 Be7 7. O-O O-O 8. f4 Nc6 9. Be3 Qc7 10. Qe1 Bd7 11. Qg3 Nxd4 12. Bxd4 Bc6 13. Bf3 b5 14. a3 a5 15. b4 1/2-1/2

[Event "ESTCC-65 2025"]
[Site "Swidnica"]
[Date "2025.04.07"]
[Round "3.3"]
[White "Vinke, Dietmar"]
[Black "Jahnel, Guenther"]
[Result "0-1"]
[Annotator "RC"]
[ECO "A49"]
[WhiteElo "2078"]
[BlackElo "2148"]
[PlyCount "98"]
[EventDate "2025.04.05"]
[EventType "team-tourn"]
[EventCountry "POL"]
[SourceTitle "playchess.com"]
[Source "ChessBase"]
[SourceQuality "1"]
[WhiteTeam "Finland"]
[BlackTeam "Germany"]
[WhiteTeamCountry "FIN"]
[BlackTeamCountry "GER"]
[TimeControl "40/5400+30:1800+30"]

1. d4 Nf6 2. Nf3 g6 3. g3 Bg7 4. Bg2 d6 5. O-O O-O 6. Nbd2 c6 7. e4 Qc7 8. Re1 e5 9. dxe5 dxe5 10. b3 Rd8 11. Bb2 Nfd7 12. Qe2 b6 13. Red1 Ba6 14. c4 Nc5 15. Nf1 Nbd7 16. Qc2 Nf8 17. Ne3 Nce6 18. Rxd8 Rxd8 19. Rd1 Nd4 20. Nxd4 exd4 21. Nf1 c5 22. Bc1 Ne6 23. f4 Re8 24. Re1 f6 25. h4 Nf8 26. Nh2 Bb7 27. Re2 Bc6 28. Bf3 Qb7 29. Kf2 Ne6 30. Qd3 Nd8 31. Nf1 Nf7 32. Nd2 Qc8 33. Bg2 Nh6 34. Nf1 Qb7 35. Bf3 Qc8 36. Kg2 Ng4 37. Nh2 h5 38. Nf1 Qb7 39. Bd2 Kh7 40. Bc1 Re7 41. Nd2 Ne3+ 42. Kf2 Nd1+ 43. Kf1 Nc3 44. Re1 Nxa2 45. Ba3 Qa6 46. Nb1 Qa5 47. e5 Bxf3 48. Qxf3 fxe5 49. fxe5 Nc3 0-1

[Event "ESTCC-65 2025"]
[Site "Swidnica"]
[Date "2025.04.07"]
[Round "3.4"]
[White "Topchii, Gennadii"]
[Black "Patola, Eero"]
[Result "1-0"]
[Annotator "NA RC"]
[ECO "B43"]
[WhiteElo "2012"]
[BlackElo "1872"]
[PlyCount "59"]
[EventDate "2025.04.05"]
[EventType "team-tourn"]
[EventCountry "POL"]
[SourceTitle "playchess.com"]
[Source "ChessBase"]
[SourceQuality "1"]
[WhiteTeam "Germany"]
[BlackTeam "Finland"]
[WhiteTeamCountry "GER"]
[BlackTeamCountry "FIN"]
[TimeControl "40/5400+30:1800+30"]

1. e4 c5 2. Nf3 e6 3. Nc3 a6 4. d4 cxd4 5. Nxd4 Qc7 6. Bd3 Nf6 7. O-O Nc6 8. Nxc6 bxc6 9. Bg5 Be7 10. Qe2 e5 11. Bc4 O-O 12. Rad1 d6 13. h3 a5 14. b3 Bb7 15. Rfe1 h6 16. Bc1 Rfd8 17. Ba3 Qc8 18. f4 Bf8 19. fxe5 dxe5 20. Bxf8 Rxf8 21. Qe3 Qb8 22. Kh2 Ba6 23. Bxa6 Rxa6 24. Qc5 Re8 25. a3 Qa7 26. Na4 Qxc5 27. Nxc5 Rb6 28. Rd6 Kf8 29. Rxf6 gxf6 30. Nd7+ 1-0

[Event "ESTCC-65 2025"]
[Site "Swidnica"]
[Date "2025.04.07"]
[Round "3.5"]
[White "Rooze, Jan"]
[Black "Quinn, John M"]
[Result "1/2-1/2"]
[Annotator "ChessBase"]
[ECO "B30"]
[WhiteElo "2198"]
[BlackElo "2073"]
[PlyCount "54"]
[EventDate "2025.04.05"]
[EventType "team-tourn"]
[EventCountry "POL"]
[SourceTitle "playchess.com"]
[Source "ChessBase"]
[SourceQuality "1"]
[WhiteTeam "Belgium"]
[BlackTeam "England"]
[WhiteTeamCountry "BEL"]
[BlackTeamCountry "ENG"]
[TimeControl "40/5400+30:1800+30"]

1. e4 c5 2. Nf3 Nc6 3. Bb5 Nf6 4. Nc3 g6 5. h3 Bg7 6. e5 Ng8 7. Bxc6 dxc6 8. d3 Nh6 9. Be3 b6 10. g4 f6 11. exf6 exf6 12. Qd2 Nf7 13. O-O-O O-O 14. Rdg1 f5 15. gxf5 Bxf5 16. h4 c4 17. h5 cxd3 18. hxg6 Bxg6 19. Nh4 dxc2 20. f4 Qxd2+ 21. Bxd2 Nd6 22. Nxg6 hxg6 23. Rxg6 Rf6 24. Rhg1 Rxg6 25. Rg4 Rg5 26. Rxg5 Rc8 27. Rg6 Rd8 1/2-1/2

[Event "ESTCC-65 2025"]
[Site "Swidnica"]
[Date "2025.04.07"]
[Round "3.6"]
[White "Hewson, Brian W R"]
[Black "Goormachtigh, Johan"]
[Result "1/2-1/2"]
[Annotator "RC"]
[ECO "D91"]
[WhiteElo "2066"]
[BlackElo "2207"]
[PlyCount "37"]
[EventDate "2025.04.05"]
[EventType "team-tourn"]
[EventCountry "POL"]
[SourceTitle "playchess.com"]
[Source "ChessBase"]
[SourceQuality "1"]
[WhiteTeam "England"]
[BlackTeam "Belgium"]
[WhiteTeamCountry "ENG"]
[BlackTeamCountry "BEL"]
[TimeControl "40/5400+30:1800+30"]

1. d4 Nf6 2. c4 g6 3. Nf3 Bg7 4. Nc3 d5 5. Bg5 Ne4 6. Bf4 Nxc3 7. bxc3 c5 8. e3 O-O 9. Be2 dxc4 10. Bxc4 cxd4 11. cxd4 Qa5+ 12. Qd2 Nc6 13. Qxa5 Nxa5 14. Bd3 Be6 15. Ke2 Rac8 16. Nd2 Rfd8 17. Rhc1 Rxc1 18. Rxc1 Rc8 19. Rxc8+ 1/2-1/2

[Event "ESTCC-65 2025"]
[Site "Swidnica"]
[Date "2025.04.07"]
[Round "3.7"]
[White "Stuer, Marc"]
[Black "Higgie, Charles L"]
[Result "1/2-1/2"]
[Annotator "NA RC"]
[ECO "A49"]
[WhiteElo "2038"]
[BlackElo "1992"]
[PlyCount "53"]
[EventDate "2025.04.05"]
[EventType "team-tourn"]
[EventCountry "POL"]
[SourceTitle "playchess.com"]
[Source "ChessBase"]
[SourceQuality "1"]
[WhiteTeam "Belgium"]
[BlackTeam "England"]
[WhiteTeamCountry "BEL"]
[BlackTeamCountry "ENG"]
[TimeControl "40/5400+30:1800+30"]

1. d4 Nf6 2. Nf3 g6 3. g3 Bg7 4. Bg2 O-O 5. O-O c5 6. dxc5 Na6 7. Be3 Ng4 8. Bd4 e5 9. Bc3 Qc7 10. Qd6 Qxd6 11. cxd6 f6 12. Nbd2 Rb8 13. a4 b6 14. h3 Nh6 15. Nb3 Nf7 16. Rfd1 Re8 17. Ne1 Bb7 18. Bd5 Bxd5 19. Rxd5 Re6 20. Rad1 Bf8 21. f4 Bxd6 22. fxe5 fxe5 23. Nf3 Rbe8 24. e4 Bc5+ 25. Kg2 d6 26. a5 R6e7 27. axb6 1/2-1/2

[Event "ESTCC-65 2025"]
[Site "Swidnica"]
[Date "2025.04.07"]
[Round "3.8"]
[White "Reynolds, D Ian W"]
[Black "Van Herck, Marcel"]
[Result "0-1"]
[Annotator "NA RC"]
[ECO "B11"]
[WhiteElo "1926"]
[BlackElo "1962"]
[PlyCount "87"]
[EventDate "2025.04.05"]
[EventType "team-tourn"]
[EventCountry "POL"]
[SourceTitle "playchess.com"]
[Source "ChessBase"]
[SourceQuality "1"]
[WhiteTeam "England"]
[BlackTeam "Belgium"]
[WhiteTeamCountry "ENG"]
[BlackTeamCountry "BEL"]
[TimeControl "40/5400+30:1800+30"]

1. e4 c6 2. Nc3 d5 3. Nf3 Bg4 4. h3 Bxf3 5. Qxf3 e6 6. d4 dxe4 7. Qxe4 Nf6 8. Qh4 Be7 9. Bd3 Nd5 10. Qg3 Nxc3 11. bxc3 O-O 12. O-O Nd7 13. Rb1 Qc8 14. Bh6 Bf6 15. Bg5 Bxg5 16. Qxg5 Nf6 17. Qh4 Rd8 18. f4 h6 19. f5 exf5 20. Rxf5 Rd6 21. Rbf1 Qd8 22. g4 Rc8 23. Qg3 Rc7 24. Kh1 Nh7 25. Qf2 Rf6 26. Rxf6 Nxf6 27. c4 Re7 28. c3 Qe8 29. Rd1 Re3 30. Kg2 Qe7 31. Rd2 g6 32. Re2 Rxe2 33. Qxe2 Qxe2+ 34. Bxe2 Ne4 35. d5 cxd5 36. cxd5 Nxc3 37. Bc4 Ne4 38. Kf3 Nd6 39. Bb3 Kg7 40. Ke3 Kf6 41. Kd4 b6 42. Bc2 Nb5+ 43. Kc4 Na3+ 44. Kd4 0-1

[Event "ESTCC-65 2025"]
[Site "Swidnica"]
[Date "2025.04.07"]
[Round "3.9"]
[White "Janocha, Wieslaw"]
[Black "Vadlja, Stjepan"]
[Result "1-0"]
[Annotator "ChessBase"]
[ECO "C62"]
[WhiteElo "2186"]
[BlackElo "1697"]
[PlyCount "59"]
[EventDate "2025.04.05"]
[EventType "team-tourn"]
[EventCountry "POL"]
[SourceTitle "playchess.com"]
[Source "ChessBase"]
[SourceQuality "1"]
[WhiteTeam "Poland"]
[BlackTeam "Croatia"]
[WhiteTeamCountry "POL"]
[BlackTeamCountry "CRO"]
[TimeControl "40/5400+30:1800+30"]

1. e4 e5 2. Nf3 Nc6 3. Bb5 d6 4. d4 Bd7 5. Nc3 a6 6. Bxc6 bxc6 7. dxe5 dxe5 8. Nxe5 Bd6 9. Nxd7 Qxd7 10. O-O Ne7 11. Be3 Bb4 12. Qxd7+ Kxd7 13. Na4 Rhd8 14. Rad1+ Ke8 15. f4 f6 16. Kf2 Rxd1 17. Rxd1 Rd8 18. Rxd8+ Kxd8 19. Bc5 a5 20. c3 Bxc5+ 21. Nxc5 Kc8 22. f5 g6 23. g4 g5 24. a4 h6 25. Ke3 Ng8 26. Kd4 Kd8 27. Nb7+ Ke7 28. Kc5 Kd7 29. Nxa5 Ne7 30. b4 1-0